 Dungeon Crawl Stone Soup version 0.26-a0-639-g72c4674329 (webtiles) character file.

Game seed: 6223671630244968326

(classic levelgen) 14016 EnegeticOcto the Cleaver (level 11, -2/103 HPs)
             Began as a Deep Dwarf Fighter on Sept 28, 2020.
             Was a Priest of Makhleb.
             Slain by a ten-headed hydra (3 damage)
             ... on level 13 of the Dungeon.
             The game lasted 00:05:13 (7507 turns).

EnegeticOcto the Cleaver (Deep Dwarf Fighter)       Turns: 7507, Time: 00:05:13

Health: -2/103     AC: 18    Str: 23    XL:     11   Next: 83%
Magic:  10/10      EV:  6    Int:  9    God:    Makhleb [***...]
Gold:   393        SH: 13    Dex: 12    Spells: 10/10 levels left

rFire    . . .     SeeInvis .   a - +1 war axe
rCold    + + .     Faith    .   c - +1 kite shield
rNeg     . . .     Spirit   .   j - +0 plate armour
rPois    .         Reflect  .   G - +1 helmet of Ifow {rC+ rCorr}
rElec    .         Harm     .   m - +0 cloak
rCorr    +         Rampage  .   (no gloves)
MR       +....                  (no boots)
Stlth    ..........             p - amulet of the acrobat
HPRegen  0.00/turn              A - ring of protection from cold
MPRegen  0.12/turn              (no ring)

@: non-regenerating
A: damage resistance, heal wounds, sense surroundings 2, no regeneration
a: Heal Wounds, Minor Destruction, Lesser Servant of Makhleb, Renounce Religion


You were on level 13 of the Dungeon.
You worshipped Makhleb.
Makhleb was most pleased with you.
You visited 2 branches of the dungeon, and saw 15 of its levels.
You also visited: Sewer.

You collected 678 gold pieces.
You spent 285 gold pieces at shops.

Inventory:

Hand Weapons
 a - a +1 war axe (weapon)
Missiles
 y - 2 throwing nets (quivered)
Armour
 c - a +1 kite shield (worn)
 j - a +0 plate armour (worn)
 m - a +0 cloak (worn)
 G - the +1 helmet of Ifow (worn) {rC+ rCorr}
   (You bought it in a shop on level 10 of the Dungeon)

   It protects you from cold.
   It provides partial protection from all sources of acid and corrosion.
Jewellery
 p - an amulet of the acrobat (around neck)
 A - a ring of protection from cold (left hand)
Wands
 k - a wand of paralysis (13)
 o - a wand of acid (20) {@v1}
 B - a wand of enslavement (10)
 E - a wand of iceblast (9) {@v2}
Scrolls
 e - 6 scrolls of remove curse {@r2}
 i - 3 scrolls of fog
 r - 3 scrolls of fear
 v - 10 scrolls of teleportation {@r3}
 x - 2 scrolls of magic mapping {@r5}
 z - a scroll of enchant weapon
Potions
 d - 5 potions of might {@q3}
 f - 6 potions of curing {@q1}
 h - a potion of ambrosia
 l - 3 potions of flight
 n - a potion of haste {@q4}
 s - a potion of invisibility
 t - 3 potions of berserk rage
 u - 2 potions of magic
 w - 2 potions of heal wounds {@q2}
 C - 2 potions of lignification {unknown}
 F - 2 potions of degeneration {unknown}


   Skills:
 + Level 7.9 Fighting
 * Level 12.4 Axes
 + Level 9.5 Armour
 + Level 9.6 Shields
 + Level 8.9 Invocations


You had 10 spell levels left.
You didn't know any spells.
Your spell library was empty.

Dungeon Overview and Level Annotations

Branches:
Dungeon (14/15)            Temple (1/1) D:6            Lair (0/6) D:8
  Sewer (visited)
    Orc: D:9-12      Vaults: D:13-14

Altars:
Ashenzari
Cheibriados
Dithmenos
Elyvilon
Fedhas
Kikubaaqudgha
Makhleb
Nemelex Xobeh
Okawaru
Qazlal
Ru
Sif Muna
Trog
Uskayaw
Vehumet
Wu Jian
Xom
Yredelemnul
The Shining One

Shops:
D:10 [


Innate Abilities, Weirdness & Mutations

You are resistant to damage.
You can heal yourself by infusing magical energy.
You passively map the area around you.
You do not regenerate.


Message History

The two-headed ogre completely misses you.
The two-headed ogre closely misses you.
Found 25 gold pieces and a potion of heal wounds.
The helpless Sonja fails to defend herself.
You slash Sonja!
Sonja is moderately wounded.
You hit the two-headed ogre. You block the two-headed ogre's attack.
The two-headed ogre hits you with a +0 giant club!
The helpless Sonja fails to defend herself.
You slice Sonja!!
Sonja is almost dead.
You hit the two-headed ogre.
The two-headed ogre hits you with a +0 dire flail.
You block the two-headed ogre's attack.
The helpless Sonja fails to defend herself.
You slash Sonja!
You kill Sonja!
Makhleb accepts your kill.
You feel better.
You slash the two-headed ogre!
A six-headed hydra comes into view.
Things that are here:
a +1 short sword of venom; 7 curare-tipped darts You feel much better.
The two-headed ogre hits you with a +0 dire flail!!
The two-headed ogre hits you with a +0 giant club!
You hit the two-headed ogre.
The two-headed ogre is moderately wounded.
You block the two-headed ogre's attack.
The two-headed ogre hits you but does no damage.
Your plate armour prevents you from hitting the two-headed ogre.
The two-headed ogre is moderately wounded.
You slash the two-headed ogre!
The two-headed ogre is heavily wounded.
The two-headed ogre hits you with a +0 dire flail!
You block the two-headed ogre's attack.
You hit the two-headed ogre.
The two-headed ogre is severely wounded.
You chop one of the six-headed hydra's heads off!
The five-headed hydra grows two more!
You slash the seven-headed hydra! You block the two-headed ogre's attack.
The two-headed ogre hits you with a +0 giant club!
The seven-headed hydra bites you but does no damage.
You block the seven-headed hydra's attack.
The seven-headed hydra bites you.
The seven-headed hydra bites you but does no damage. x3
The seven-headed hydra bites you!
You are too injured to fight recklessly!
You are too injured to fight recklessly!
You are too injured to fight recklessly!
Evoke which item? (* to show all) (? for menu, Esc to quit)
Okay, then.
You slice one of the seven-headed hydra's heads off!
The six-headed hydra grows two more!
You slice the eight-headed hydra!!
The eight-headed hydra is moderately wounded.
You barely miss the two-headed ogre.
The two-headed ogre hits you but does no damage.
The two-headed ogre hits you with a +0 giant club.
You block the eight-headed hydra's attack.
The eight-headed hydra bites you!
* * * LOW HITPOINT WARNING * * *
You block the eight-headed hydra's attack.
The eight-headed hydra bites you but does no damage. x2
The eight-headed hydra bites you!
* * * LOW HITPOINT WARNING * * *
The eight-headed hydra bites you.
* * * LOW HITPOINT WARNING * * *
The eight-headed hydra bites you!
* * * LOW HITPOINT WARNING * * *
You lop one of the eight-headed hydra's heads off!
The seven-headed hydra grows two more!
You slash the nine-headed hydra!
The nine-headed hydra is moderately wounded.
You hit the two-headed ogre. You hit the nine-headed hydra.
The nine-headed hydra is moderately wounded.
You hit the two-headed ogre.
You block the two-headed ogre's attack. x2
The nine-headed hydra bites you.
The nine-headed hydra bites you but does no damage.
You block the nine-headed hydra's attack.
The nine-headed hydra bites you but does no damage.
You block the nine-headed hydra's attack.
The nine-headed hydra bites you.
* * * LOW HITPOINT WARNING * * *
The nine-headed hydra bites you.
* * * LOW HITPOINT WARNING * * *
The nine-headed hydra bites you but does no damage.
The nine-headed hydra barely misses you.
You hack one of the nine-headed hydra's heads off!
The eight-headed hydra grows two more!
You hit the ten-headed hydra.
The ten-headed hydra is lightly wounded.
You hit the two-headed ogre.
The ten-headed hydra bites you but does no damage.
You block the ten-headed hydra's attack.
The ten-headed hydra bites you but does no damage. x3
You block the ten-headed hydra's attack.
The ten-headed hydra bites you.
* * * LOW HITPOINT WARNING * * *
The ten-headed hydra bites you.
* * * LOW HITPOINT WARNING * * *
The ten-headed hydra bites you.
You die...

* , ,* #......####### ,
,, #............. * ,
.##########.............
,,
,..$.....................
,
,...........(............
,
........................
,
,....>.....#######....###
, .......O..# #....#..
.......@..#,,, +....#..
.......D..# , ######.. ,
..........#, , ....... ,
.#######..# ,,....... , ,
, * #..# ..####. , ,,,* ,
,#.!#,, , , #. , , #..# ,
* ## ,, ..# ,, , , , , ,
*


You could see a ten-headed hydra and a two-headed ogre.

Vanquished Creatures
  Erolcha (D:9)
  Harold (D:7)
  Erica (D:8)
  A tengu warrior (D:13)
  Sonja (D:13)
  An unseen horror (D:10)
  An ugly thing (D:12)
  A cyclops (D:14)
  Joseph (D:7)
  Maurice (D:9)
  Maggie (D:8)
  3 hippogriffs
  17 yaks
  2 wraiths
  Duvessa (D:7)
  2 water moccasins
  A porcupine (D:8)
  4 sky beasts
  2 orc warriors
  3 ice beasts
  2 phantoms
  A black bear (D:7)
  A necrophage (D:13)
  4 ogres
  7 centaurs
  A crocodile (D:10)
  8 bullfrogs
  Blork the orc (D:4)
  A gnoll sergeant (D:10)
  3 jellies
  Dowan (D:7)
  4 scorpions
  12 killer bees
  A howler monkey (D:7)
  A bullfrog zombie (D:11)
  6 orc priests
  A centaur zombie (D:5)
  5 orc wizards
  2 gnoll shamans
  A hound (D:10)
  An iguana (D:11)
  3 bullfrog skeletons
  6 worker ants
  A hound zombie (D:4)
  2 hound skeletons
  19 gnolls
  2 worker ant zombies
  5 river rats (Sewer)
  7 adders
  2 shadow imps
  A white imp (D:9)
  An ufetubus (D:10)
  3 oozes (Sewer)
  An adder skeleton (D:10)
  A worm (D:5)
  7 leopard geckos
  24 orcs
  A bat (D:1)
  2 giant cockroaches
  5 jackals
  3 quokkas
  12 ball pythons
  9 frilled lizards
  2 goblins
  A jackal skeleton (D:4)
  A jackal zombie (D:7)
  A leopard gecko skeleton (D:5)
  A quokka skeleton (D:4)
  22 rats (Sewer)
255 creatures vanquished.

Vanquished Creatures (others)
  12 fungi (D:8)
  11 plants (D:8)
23 creatures vanquished.

Grand Total: 278 creatures vanquished

Notes
Turn   | Place    | Note
-------+----------+-------------------------------------------
     0 | D:1      | EnegeticOcto the Deep Dwarf Fighter began the quest for the
                  | Orb.
     0 | D:1      | Reached XP level 1. HP: 20/20 MP: 1/1
    74 | D:2      | Reached XP level 2. HP: 25/27 MP: 2/2
   112 | D:2      | Found a glowing golden altar of the Shining One.
   113 | D:2      | Found a sparkling altar of Nemelex Xobeh.
   225 | D:3      | Reached skill level 3 in Axes
   225 | D:3      | Reached XP level 3. HP: 24/33 MP: 3/3
   284 | D:4      | Noticed a phantom
   343 | D:4      | Killed a phantom
   343 | D:4      | Reached skill level 4 in Axes
   343 | D:4      | Reached XP level 4. HP: 42/42 MP: 3/3
   343 | D:4      | Reached XP level 5. HP: 49/49 MP: 4/4
   442 | D:4      | Noticed Blork the orc
   454 | D:4      | Killed Blork the orc
   469 | D:4      | Reached XP level 6. HP: 33/57 MP: 5/5
   714 | D:5      | Entered Level 5 of the Dungeon
   786 | D:5      | Reached skill level 5 in Axes
   955 | D:5      | Reached XP level 7. HP: 44/64 MP: 6/6
  1011 | D:5      | Reached skill level 5 in Armour
  1011 | D:5      | Reached skill level 5 in Shields
  1110 | D:5      | Found a glowing drain.
  1133 | Sewer    | Entered a sewer
  1268 | Sewer    | Reached skill level 6 in Axes
  1847 | D:6      | Reached XP level 8. HP: 33/73 MP: 5/5
  1922 | D:6      | Found a staircase to the Ecumenical Temple.
  1967 | Temple   | Entered the Ecumenical Temple
  2029 | Temple   | Became a worshipper of Makhleb the Destroyer
  2256 | D:6      | Reached skill level 7 in Axes
  2256 | D:6      | Reached skill level 1 in Invocations
  2278 | D:6      | Found a basalt altar of Yredelemnul.
  2929 | D:6      | Reached skill level 5 in Fighting
  3207 | D:7      | Reached * piety under Makhleb
  3224 | D:7      | Reached skill level 8 in Axes
  3358 | D:7      | Noticed Joseph
  3380 | D:7      | Killed Joseph
  3380 | D:7      | Gained mutation: You passively map the area around you.
                  | [Deep Dwarf growth]
  3380 | D:7      | Reached XP level 9. HP: 67/81 MP: 6/6
  3413 | D:7      | Noticed Duvessa
  3413 | D:7      | Noticed Dowan
  3424 | D:7      | Killed Dowan
  3435 | D:7      | Killed Duvessa
  3761 | D:7      | Noticed Harold
  3795 | D:7      | Killed Harold
  3795 | D:7      | Reached skill level 9 in Axes
  3795 | D:7      | Reached skill level 5 in Invocations
  4175 | D:8      | Reached XP level 10. HP: 78/91 MP: 9/9
  4309 | D:8      | Reached ** piety under Makhleb
  4342 | D:8      | Reached skill level 10 in Axes
  4399 | D:8      | Noticed Erica
  4428 | D:8      | Killed Erica
  4523 | D:8      | Found a staircase to the Lair.
  4698 | D:8      | Noticed Maggie
  4730 | D:8      | Killed Maggie
  4893 | D:9      | Noticed Maurice
  5144 | D:9      | Found a blossoming altar of Fedhas.
  5144 | D:9      | Found an iron altar of Okawaru.
  5148 | D:9      | Found a shadowy altar of Dithmenos.
  5208 | D:9      | Noticed Erolcha
  5218 | D:9      | Killed Erolcha
  5218 | D:9      | Reached skill level 11 in Axes
  5253 | D:9      | Killed Maurice
  5253 | D:9      | Reached XP level 11. HP: 78/100 MP: 9/9
  5577 | D:10     | Entered Level 10 of the Dungeon
  5860 | D:10     | Killed an unseen horror
  5943 | D:10     | Reached *** piety under Makhleb
  6155 | D:10     | Found Biticeaz's Antique Armour Emporium.
  6159 | D:10     | Bought a steaming helmet for 285 gold pieces
  6164 | D:10     | Identified the +1 helmet of Ifow {rC+ rCorr} (You bought it
                  | in a shop on level 10 of the Dungeon)
  7195 | D:12     | Noticed a green ugly thing
  7207 | D:12     | Killed a green ugly thing
  7248 | D:12     | You fall into a shaft and drop 2 floors!
  7274 | D:14     | Reached skill level 12 in Axes
  7350 | D:13     | Noticed a tengu warrior
  7400 | D:13     | Killed a tengu warrior
  7489 | D:13     | Noticed a two-headed ogre
  7490 | D:13     | Noticed Sonja
  7497 | D:13     | Killed Sonja
  7497 | D:13     | Noticed a six-headed hydra
  7507 | D:13     | HP: 5/103 [ten-headed hydra (2)]
  7507 | D:13     | HP: 1/103 [ten-headed hydra (4)]
  7507 | D:13     | Slain by a ten-headed hydra

Illustrated notes

Levels and vault maps discovered:
D:1:      ncdulo_wetmaze, layout_loops_ring
D:2:      layout_rooms, gammafunk_temple_overflow_pools
D:3:      layout_loops_cross, st_stairs_6, eino_tiny_chamber,
          fedhas_altar_fruit_tree, uniq_ijyb
D:4:      layout_cave_pools, uniq_blork_the_orc
D:5:      layout_basic, cheibrodos_sewer_entry_sluice
D:6:      layout_layer_cave, nicolae_overflow_hidden_temple,
          minmay_temple_entry_enclosed_plants
D:7:      layout_cave_pods, serial_column_ruins, column_ruins_open_small,
          column_ruins_grid_1, column_ruins_open_small,
          column_ruins_columns_dead_end, column_ruins_grid_1,
          hangedman_decor_points, uniq_duvessa, uniq_joseph, uniq_harold
D:8:      layout_gridville, grunt_lair_entry_orc_guard_hut, uniq_erica,
          uniq_maggie
D:9:      layout_basic, minitemple, uniq_erolcha, uniq_maurice
D:10:     layout_stronghold, serial_shops, kennysheep_little_box
D:11:     layout_stronghold
D:12:     layout_basic, orc_0_dummy, basic_altar
D:13:     layout_irregular_city, david_vaults_5, uniq_sonja
D:14:     layout_cave_pools, minmay_misc_feat_tower, uniq_roxanne
Temple:   kb_temple_of_zot

Skill      XL: |  1  2  3  4  5  6  7  8  9 10 11 |
---------------+----------------------------------+-----
Axes           | 3 4 5 6 8 9 11 12 | 12.4
Fighting       | 3 4 5 6 7 |  7.9
Armour         | 4 5 6 7 8 9 |  9.5
Shields        | 4 5 6 7 8 9 |  9.6
Invocations    | 3 5 7 8 |  8.9

Action                   |  1- 3 |  4- 6 |  7- 9 | 10-12 || total
-------------------------+-------+-------+-------+-------++-------
Melee: War axe           |    76 |    93 |   395 |   524 ||  1088
 Abil: Heal Wounds       |     5 |     3 |    24 |    10 ||    42
Evoke: Wand              |       |       |       |     3 ||     3
  Use: Scroll            |       |       |    16 |     7 ||    23
 Stab: Paralysed         |       |       |       |     3 ||     3
Armor: Scale mail        |    46 |    40 |   178 |     8 ||   272
       Plate armour      |       |       |       |   303 ||   303
Dodge: Dodged            |    26 |    25 |   170 |   134 ||   355
Block: Kite shield       |    43 |    56 |   265 |   331 ||   695

Table legend: (Time is in decaauts)
 A = Elapsed time spent in this place.
 B = Non-inter-level travel time spent in this place.
 C = Inter-level travel time spent in this place.
 D = Time resting spent in this place.
 E = Time spent auto-exploring this place.
 F = Levels seen in this place.
 G = Mean time per level.
                   A        B        C        D        E       F      G
               +--------+--------+--------+--------+--------+-----+--------+
         Total |   7722 |   7333 |    389 |      0 |   5252 |  16 |  482.6 |
       Dungeon |   7308 |   6948 |    360 |      0 |   5048 |  14 |  522.0 |
        Temple |     91 |     63 |     28 |      0 |     53 |   1 |   91.0 |
         Sewer |    322 |    322 |      0 |      0 |    150 |   1 |  322.0 |
               +--------+--------+--------+--------+--------+-----+--------+

Top non-repeatable levels by time:
     D:6: 1127 daAuts
     D:7: 1002 daAuts
     D:5: 905 daAuts
    D:11: 859 daAuts
     D:9: 824 daAuts
     D:8: 759 daAuts
    D:10: 754 daAuts
     D:4: 487 daAuts
   Sewer: 322 daAuts
    D:13: 212 daAuts
     D:3: 117 daAuts
  Temple: 91 daAuts
     D:2: 87 daAuts
     D:1: 73 daAuts
    D:12: 59 daAuts
